Map: 世界主宰-天梯版

Players

TIME (Oliveira) - Winner!

  • Race: Terran Terran

iGCoffeeMs (Coffee)

  • Race: Terran Terran

Event: DreamHack SC2 Masters 2021 Winter

VOD

Have the link to the VOD?

Description

Time

  • Played on: Oct. 8, 2021, 7:28 a.m.
  • Length: 3:01

All games in this series

Show
View Real Time Build Order
Export as new Build Order

TIME Terran - Winner!

Build Orders:  

Get SALT Encoding   

  12  0:01  SCV  
  13  0:13  SCV  
  14  0:17  Supply Depot  
  14  0:25  SCV  
  15  0:38  SCV  
  15  0:40  Barracks  
  16  0:43  Refinery  
  16  0:51  SCV  
  16  0:53  Refinery  
  17  1:03  SCV  
  18  1:15  SCV  
  19  1:27  Reaper, Orbital Command  
  19  1:29  Supply Depot  
  20  1:44  Factory  
  20  1:52  SCV  
  21  1:59  Marine  
  21  2:01  Bunker  
  22  2:04  SCV  
  23  2:16  SCV, Marine  
  23  2:17  Supply Depot  
  25  2:29  Hellion  
  27  2:33  Starport  
  27  2:37  Marine  
  27  2:39  SCV  
Show
View Real Time Build Order
Export as new Build Order

iGCoffeeMs Terran 

Build Orders:  

Get SALT Encoding   

  12  0:00  SCV  
  13  0:12  SCV  
  14  0:18  Supply Depot  
  14  0:41  Refinery, Barracks  
  14  0:55  Barracks  
  14  0:58  SCV  
  15  1:10  SCV  
  16  1:28  Reaper, Orbital Command  
  17  1:32  Refinery  
  17  1:43  Reaper  
  18  1:55  SCV  
  18  2:00  Reaper  
  20  2:03  Supply Depot  
  20  2:07  SCV  
  21  2:15  Reaper  
  21  2:19  SCV  
  22  2:27  Factory  
  22  2:31  SCV  
  24  2:43  SCV  

Tags
 
Add a new tag
Caveats
  • Supply blocks, unpowered buildings, or Contaminate may cause inaccurate times.
  • Supply counts are checked every 10 seconds.